 Dungeon Crawl Stone Soup version 0.24-a0-443-g80245de (console) character file.

Game seed: 6658776413564157226

49 13572468 the Magician (level 3, 19/19 HPs)
             Began as a Deep Elf Wizard on June 21, 2019.
             Quit the game on level 2 of the Dungeon.
             The game lasted 00:05:25 (1691 turns).

13572468 the Magician (Deep Elf Wizard)             Turns: 1691, Time: 00:05:26

Health: 19/19      AC:  5    Str:  4    XL:     3   Next: 51%
Magic:  11/11      EV: 13    Int: 25    God:
Gold:   130        SH:  0    Dex: 13    Spells: 7/13 levels left

rFire    . . .     SeeInvis .   a - +1 spear
rCold    . . .     Gourm    .   (no shield)
rNeg     . . .     Faith    .   B - +0 robe
rPois    .         Spirit   .   H - +0 helmet
rElec    .         Reflect  .   (no cloak)
rCorr    .         Harm     .   (no gloves)
MR       .....                  S - +1 pair of boots
Stlth    +++.......             (no amulet)
HPRegen  0.06/turn              L - ring of stealth
MPRegen  0.12/turn              (no ring)

@: no status effects
A: clever 1, low mp 1, wild magic 1
a: no special abilities


You were on level 2 of the Dungeon.
You were not hungry.

You visited 1 branch of the dungeon, and saw 2 of its levels.

You collected 130 gold pieces.

Inventory:

Hand Weapons
 a - a +1 spear (weapon)
Armour
 B - a +0 robe (worn)
 H - a +0 helmet (worn)
 S - a +1 pair of boots (worn)
Jewellery
 L - a ring of stealth (left hand)
Scrolls
 i - 3 scrolls of identify
Potions
 q - a potion of curing
Comestibles
 E - 3 rations


   Skills:
 + Level 2.6 Dodging
 - Level 2.4 Stealth
 * Level 5.9 Spellcasting
 * Level 1.8 Conjurations
   Level 1.1 Summonings
 - Level 1.1 Translocations


You had 7 spell levels left.
You knew the following spells:

 Your Spells              Type           Power        Failure   Level  Hunger
a - Magic Dart            Conj           ###.         6%          1    None
m - Mephitic Cloud        Conj/Pois/Air  ##......     24%         3    #......
B - Blink                 Tloc           N/A          11%         2    None

Your spell library contained the following spells:

 Spells                   Type           Power        Failure   Level  Hunger
 Call Imp                 Summ           ###.....     11%         2    None
 Slow                     Hex            #.......     17%         2    None
 Conjure Flame            Conj/Fire      ###.....     22%         3    #......


Dungeon Overview and Level Annotations

Branches:
Dungeon (2/15)

Altars:


Innate Abilities, Weirdness & Mutations

Your mind is acute. (Int +2)
Your magical capacity is low. (-10% MP)
Your spells are a little harder to cast, but a little more powerful.


Message History

Adjust which item? (? for menu, Esc to quit)
b - a scroll of identify Adjust to which letter? (? for menu, Esc to quit)
i - a scroll of identify
Found 11 gold pieces.
Found a mace and 2 rations.
You now have 123 gold pieces (gained 11).
Found 7 gold pieces and a scroll of identify.
E - 2 rations (gained 1)
E - 3 rations (gained 1)
i - 2 scrolls of identify (gained 1)
You see here a mace.
You now have 130 gold pieces (gained 7).
Found a scroll of identify.
i - 3 scrolls of identify (gained 1)
Found a yellow potion.
b - a yellow potion It was a potion of mutation.
You feel extremely strange.
You feel clever.
You feel less energetic.
You feel less in control of your magic.
Are you sure you want to abandon this character and quit the game? (Confirm with "yes".)

▒·······▒ ▒ ▒···▒·▒▒▒·▒▒▒▒ ▒·▒ ▒······▒▒
▒· ▒············· ▒·▒ ······▒▒
▒·▒▒·········▒▒▒▒ ▒·▒ ▒·····▒
▒▒▒▒▒▒▒▒▒▒·········▒▒····· ▒·▒ ▒···(·▒
▒·······^······)···▒ ▒▒▒▒ ▒·▒ ▒▒▒·▒·▒
▒▒··················▒ ▒·▒
▒·▒·▒▒▒···▒·▒·▒▒··▒▒···▒▒▒▒▒▒▒▒ ▒·▒▒▒
▒·▒·········▒··················▒ ▒·▒▒·▒ ·▒
▒···▒
▒·▒▒▒▒·····▒▒··▒·▒·▒·····▒▒▒▒▒·▒▒▒·▒▒·▒▒·▒
▒▒▒·▒
·············▒·························▒
▒·▒
▒▒▒▒·····▒▒▒·▒▒▒·▒▒▒·············▒▒·▒··▒
▒·▒ ▒·····▒ ▒·····▒ ▒▒··▒▒▒········▒·▒··▒
▒·▒ ▒▒▒▒▒▒▒ ▒▒▒▒▒▒▒ ▒··▒
▒··▒▒▒········▒▒▒▒▒▒▒▒▒▒▒▒·▒ ▒··▒
▒··▒▒···············<······▒
▒··▒▒▒··▒▒······@··▒▒▒▒▒▒▒▒▒▒▒▒▒▒
▒············▒▒·▒·▒▒ ▒▒·▒▒▒··········▒·▒
▒·▒ ▒▒·▒▒▒·▒▒▒▒▒·▒ ▒·▒▒▒▒·▒▒▒·▒ ·▒
▒··········▒▒▒ ·▒ ▒▒▒▒▒▒········ ·▒
▒▒▒▒▒▒▒▒▒ ▒▒


There were no monsters in sight!

Vanquished Creatures
  An ooze (D:2)
  A worm (D:2)
  A leopard gecko (D:1)
  4 bats (D:1)
  3 giant cockroaches
  6 goblins
  3 hobgoblins
  7 jackals
  2 frilled lizards (D:1)
  2 kobolds (D:2)
  7 rats
37 creatures vanquished.

Notes
Turn   | Place    | Note
-------+----------+-------------------------------------------
     0 | D:1      | 13572468 the Deep Elf Wizard began the quest for the Orb.
     0 | D:1      | Reached XP level 1. HP: 10/10 MP: 7/7
   183 | D:1      | Reached skill level 5 in Spellcasting
   212 | D:1      | Reached XP level 2. HP: 12/15 MP: 6/10
  1177 | D:2      | Reached XP level 3. HP: 19/19 MP: 9/12
  1181 | D:2      | Learned a level 2 spell: Blink
  1185 | D:2      | Learned a level 3 spell: Mephitic Cloud
  1690 | D:2      | Gained mutation: Your mind is acute. (Int +2) [potion of
                  | mutation]
  1690 | D:2      | Gained mutation: Your magical capacity is low. (-10% MP)
                  | [potion of mutation]
  1690 | D:2      | Gained mutation: Your spells are a little harder to cast,
                  | but a little more powerful. [potion of mutation]
  1691 | D:2      | Quit the game

Levels and vault maps discovered:
D:1:      dpeg_arrival_arbitrary_a, layout_basic, kennysheep_decorative_pillar,
          minmay_pentomino_p4
D:2:      layout_loops_ring, first_ration

Skill      XL: |  1 |
---------------+----+-----
Spellcasting   | 5 |  5.9
Dodging        | |  2.6
Stealth        | |  2.4
Conjurations   | |  1.8
Summonings     | |  1.1
Translocations | |  1.1

Action                   || total
-------------------------++-------
Melee: Spear             ||     8
 Cast: Magic Dart        ||    90
  Use: Scroll            ||     4
       Potion            ||     4
  Eat: Chunk             ||     2
Armor: Robe              ||     5
Dodge: Dodged            ||    19

Table legend:
 A = Non-vault XP
 B = Vault XP
 C = Vault XP percentage of total XP
 D = Non-vault monster count
 E = Vault monster count
 F = Vault count percentage of total count
                 A         B        C        D         E       F
            +---------+---------+-------+---------+---------+-------
      Total |      66 |       4 |   5.7 |      35 |       2 |   5.4
            +---------+---------+-------+---------+---------+-------
        D:1 |      34 |       4 |  10.5 |      22 |       2 |   8.3
        D:2 |      32 |       0 |   0.0 |      13 |       0 |   0.0
            +---------+---------+-------+---------+---------+-------
